 Dungeon Crawl Stone Soup version 0.21.1-1-g345015f (webtiles) character file.

33733 goulibeur the Schismatic (level 13, -5/103 HPs)
             Began as a Demonspawn Abyssal Knight on July 12, 2018.
             Was an Elder of Lugonu.
             Slain by a cyan ugly thing (14 damage)
             ... on level 14 of the Dungeon.
             The game lasted 01:13:32 (18837 turns).

goulibeur the Schismatic (DsAK)                    Turns: 18837, Time: 01:13:33

Health: -5/103     AC: 17    Str: 13    XL:     13   Next: 38%
Magic:  0/25       EV: 14    Int: 12    God:    Lugonu [****..]
Gold:   253        SH: 12    Dex: 21    Spells: 12/12 levels left

rFire    + . .     SeeInvis .   J - +9 falchion of Ifuliuv {slice, +Fly rN+ MR+ Int-2}
rCold    + + +     Gourm    .   S - +0 shield
rNeg     + . .     Faith    .   s - +2 scale mail "Cinacsueph" {rC+ Dex+4}
rPois    +         Spirit   +   d - +1 helmet
rElec    .         Reflect  .   i - scarf {rC+ rF+}
rCorr    .         Harm     .   (no gloves)
MR       +....                  o - +0 pair of boots
Stlth    ..........             (no amulet)
HPRegen  0.27/turn              w - ring of protection from cold
MPRegen  0.19/turn              Y - ring of poison resistance

@: barbed spikes
A: claws 2, molten scales 2, spiny 3, magic shield
a: Depart the Abyss, Bend Space, Banish, Corrupt, Renounce Religion, Evoke
Flight


You were on level 14 of the Dungeon.
You worshipped Lugonu.
Lugonu was greatly pleased with you.
You were very hungry.

You visited 1 branch of the dungeon, and saw 15 of its levels.
You visited the Abyss 2 times.

You collected 748 gold pieces.
You spent 495 gold pieces at shops.

Inventory:

Hand Weapons
 m - the +4 mace "Hellblazer" {crush, *Noise Dex+8 Stlth+}
   (You found it on level 7 of the Dungeon)

   It inflicts extra damage upon your enemies.
   It affects your dexterity (+8).
   It may make noises in combat.
   It makes you more stealthy.
 t - a +0 long sword
 C - a +1 spear of venom
 G - a +2 trident
 J - the +9 falchion of Ifuliuv (weapon) {slice, +Fly rN+ MR+ Int-2}
   (You found it on level 10 of the Dungeon)

   It inflicts extra damage upon your enemies.
   It affects your intelligence (-2).
   It protects you from negative energy.
   It affects your resistance to hostile enchantments.
   It lets you fly.
 W - a +0 demon whip
Armour
 a - a +0 cloak
 b - a +0 buckler
 d - a +1 helmet (worn)
 i - a scarf of resistance (worn)
 o - a +0 pair of boots (worn)
 s - the +2 scale mail "Cinacsueph" (worn) {rC+ Dex+4}
   (You found it on level 9 of the Dungeon)

   It affects your dexterity (+4).
   It protects you from cold.
 L - a +0 plate armour
 S - a +0 shield (worn)
Jewellery
 w - a ring of protection from cold (left claw)
 Y - a ring of poison resistance (right claw)
Wands
 A - a wand of enslavement (22)
 H - a wand of random effects (15)
 P - a wand of polymorph (16)
Scrolls
 e - 5 scrolls of magic mapping
 g - 3 scrolls of fog
 k - 9 scrolls of remove curse
 l - 3 scrolls of enchant weapon
 r - 3 scrolls of identify
 u - a scroll of fear
 x - 8 scrolls of teleportation
 y - a scroll of blinking
 M - a scroll of acquirement {unknown}
 N - a scroll of noise {unknown}
 O - a scroll of summoning {unknown}
 Q - a scroll of silence {unknown}
 T - a scroll of amnesia
Potions
 f - 11 potions of curing
 j - a potion of might
 n - 2 potions of degeneration
 p - 4 potions of agility
 q - 2 potions of mutation
 v - 8 potions of lignification
 z - 4 potions of flight
 B - 2 potions of heal wounds
 E - a potion of ambrosia
 F - 2 potions of berserk rage
 I - 2 potions of magic
 R - a potion of invisibility
 U - a potion of brilliance
 X - a potion of haste
Books
 h - a book of Clouds

   Spells                             Type                      Level
   a - Poisonous Vapours              Poison/Air                   2
   b - Mephitic Cloud                 Conjuration/Poison/Air       3
   c - Conjure Flame                  Conjuration/Fire             3
   d - Freezing Cloud                 Conjuration/Ice/Air          6
   e - Ring of Flames                 Charms/Fire                  7
 D - a book of Summonings

   Spells                             Type                      Level
   a - Recall                         Summoning/Translocation      3
   b - Aura of Abjuration             Summoning                    5
   c - Summon Demon                   Summoning                    5
   d - Summon Forest                  Summoning/Translocation      5
   e - Summon Mana Viper              Hexes/Summoning              5
   f - Shadow Creatures               Summoning                    6
 K - a book of Flames

   Spells                             Type                      Level
   a - Flame Tongue                   Conjuration/Fire             1
   b - Throw Flame                    Conjuration/Fire             2
   c - Conjure Flame                  Conjuration/Fire             3
   d - Inner Flame                    Hexes/Fire                   3
   e - Sticky Flame                   Conjuration/Fire             4
   f - Fireball                       Conjuration/Fire             5
Comestibles
 c - 19 rations


   Skills:
 + Level 9.8 Fighting
   Level 1.7 Short Blades
 + Level 8.7 Armour
 + Level 8.5 Dodging
 * Level 10.2 Shields
 * Level 16.0 Invocations


You had 12 spell levels left.
You didn't know any spells.

Dungeon Overview and Level Annotations

Branches:
Dungeon (15/15)            Temple (0/1) D:5            Lair (0/6) D:10
    Orc (0/2) D:9          Vaults (0/5) D:13
 Depths: D:15

Altars:
Cheibriados
Dithmenos
Kikubaaqudgha
Makhleb
Nemelex Xobeh
Okawaru
Trog
Uskayaw
Xom
Yredelemnul
Zin

Shops:
D:6 (   D:13 (

Annotations:
Abyss:1 Maurice, Urug


Innate Abilities, Weirdness & Mutations

You have very sharp fingernails.
You are mostly covered in molten scales. (AC +3)
You are completely covered in sharp spines.
When hurt, damage is shared between your health and your magic reserves.


Message History

The cyan ugly thing is severely wounded.
The cyan ugly thing is struck by your spines.
The cyan ugly thing engulfs you! The cyan ugly thing shocks you!
The cyan ugly thing barely misses you.
You barely miss the cyan ugly thing.
The cyan ugly thing is severely wounded.
The cyan ugly thing is struck by your spines.
The cyan ugly thing engulfs you but does no damage.
You hit the cyan ugly thing.
The cyan ugly thing is almost dead.
The cyan ugly thing engulfs you!
* * * LOW HITPOINT WARNING * * *
The cyan ugly thing shocks you!
* * * LOW HITPOINT WARNING * * *
You hit the cyan ugly thing.
The cyan ugly thing is almost dead.
You block the cyan ugly thing's attack. The cyan ugly thing engulfs you!
* * * LOW HITPOINT WARNING * * *
The cyan ugly thing shocks you!
You die...

#### #### ...# #..# ...#
#..############ ...#
#.............# ...#
########.............#
...###...##......§†u......#######
.......#.#######u#...............
.......#.#.....#@#...............
.......#.#.#.#.#.#...#####.......
.......#...#)#...#...# #.......
.......#####(#####...# #...####
##.....#...#.# ..#...# #...#
#.....#.#.#.#.#.#...# #...#
#<....#.#.....#.#...# #...#
#.....#.#######.#...# #...#
#.........^..##.....# ..#


You could see a cyan ugly thing.

Vanquished Creatures
  Kirke (D:12)
  A hydra (D:13)
  A centaur warrior (D:14)
  A vault guard (D:13)
  The ghost of Mahadev the Thaumaturge, a journeyman DsFE of Ru (D:10)
  A tengu warrior (D:13)
  Nergalle (D:10)
  2 unseen horrors
  2 wizards
  A harpy (shapeshifter) (D:14)
  Pikel (D:8)
  3 necromancers (D:13)
  3 ugly things
  2 deep elf magi
  A gargoyle (D:10)
  A centaur zombie (D:13)
  A komodo dragon (D:13)
  A troll (D:14)
  A merfolk (D:10)
  2 hippogriffs
  A shadow (D:15)
  4 wyverns
  25 yaks
  A water elemental (D:13)
  3 hogs (D:12)
  19 humans (D:13)
  2 basilisks (D:10)
  6 vampire mosquitoes
  A harpy simulacrum (D:14)
  2 water moccasins
  2 porcupines (D:10)
  2 black bears
  8 orc warriors
  A phantom (D:8)
  3 sky beasts
  2 ice beasts
  3 necrophages
  2 eyes of draining
  3 ogres
  5 centaurs
  2 crocodiles
  2 big kobolds
  10 bullfrogs
  A wyvern zombie (D:6)
  A gnoll sergeant (D:5)
  A wyvern skeleton (D:10)
  2 scorpions
  14 killer bees
  13 wights
  2 electric eels (D:13)
  2 vampire bats (D:6)
  4 howler monkeys
  2 bullfrog zombies
  3 crimson imps
  A quasit (D:10)
  3 centaur skeletons
  5 hounds
  19 orc wizards
  Crazy Yiuf (D:7)
  12 orc priests
  A jelly (D:8)
  6 iguanas
  9 worker ants
  A hound zombie (D:5)
  A hound skeleton (D:4)
  A howler monkey zombie (D:5)
  A worker ant zombie (D:9)
  Robin (D:4)
  7 gnolls
  12 adders
  A shadow imp (D:15)
  2 adder skeletons
  4 worms
  A dart slug (D:2)
  2 leopard geckos
  36 orcs
  3 bat skeletons (D:6)
  3 bat zombies (D:6)
  10 giant cockroaches
  16 goblins
  11 hobgoblins
  15 jackals
  6 quokkas
  2 ball pythons (D:1)
  5 bats
  11 frilled lizards
  15 kobolds
  A leopard gecko skeleton (D:5)
  2 quokka skeletons
  A quokka zombie (D:6)
  9 rats
419 creatures vanquished.

Vanquished Creatures (others)
  A slime creature (D:12)
  A two-headed ogre (D:11)
  A tengu warrior (D:10)
  A catoblepas (D:13)
  2 unseen horrors
  The ghost of Ethylacetat the Chopper, a novice NaGl (D:5)
  An ugly thing (D:14)
  A manticore (D:14)
  An efreet (D:14)
  A vampire (D:15)
  A shadow (D:13)
  A wraith (D:11)
  A hungry ghost (D:13)
  3 slaves (D:8)
  An electric eel (D:13)
  A quasit (D:8)
  A worker ant (D:8)
  3 orcs
  2 bushes (D:10)
  2 fungi (D:10)
  13 plants (D:10)
40 creatures vanquished.

Grand Total: 459 creatures vanquished

Notes
Turn   | Place    | Note
-------+----------+-------------------------------------------
     0 | Abyss:1  | goulibeur the Demonspawn Abyssal Knight began the quest for the Orb.
     0 | Abyss:1  | Reached XP level 1. HP: 18/18 MP: 2/2
    28 | Abyss:1  | Noticed an orc sorcerer
    29 | D:1      | Escaped the Abyss
    89 | D:1      | Reached * piety under Lugonu
    89 | D:1      | Reached skill level 1 in Dodging
   481 | D:1      | Gained mutation: You are partially covered in sharp spines. [demonic ancestry]
   481 | D:1      | Reached XP level 2. HP: 22/24 MP: 4/4
   510 | D:1      | Reached skill level 3 in Invocations
  1092 | D:2      | Gained mutation: You are mostly covered in sharp spines. [demonic ancestry]
  1092 | D:2      | Reached XP level 3. HP: 5/29 MP: 5/5
  1666 | D:2      | Found a basalt altar of Yredelemnul.
  1666 | D:2      | Found a burning altar of Makhleb.
  1668 | D:2      | Found a snail-covered altar of Cheibriados.
  1716 | D:2      | Reached ** piety under Lugonu
  1884 | D:2      | Reached skill level 4 in Invocations
  2221 | D:3      | Gained mutation: You are partially covered in molten scales. (AC +2) [demonic ancestry]
  2221 | D:3      | Reached XP level 4. HP: 35/35 MP: 7/7
  2943 | D:3      | Found a bloodstained altar of Trog.
  3105 | D:3      | Gained mutation: You have sharp fingernails. [demonic ancestry]
  3105 | D:3      | Reached XP level 5. HP: 9/42 MP: 8/8
  3105 | D:3      | Reached skill level 5 in Invocations
  3238 | D:3      | Reached *** piety under Lugonu
  3454 | D:3      | Found an iron altar of Okawaru.
  3680 | D:3      | Found a glowing silver altar of Zin.
  3682 | D:3      | Noticed an angel
  3685 | D:3      | Found a shimmering altar of Xom.
  3958 | D:4      | Reached XP level 6. HP: 37/48 MP: 10/10
  4143 | D:4      | Reached skill level 6 in Invocations
  4624 | D:4      | Noticed Robin
  4645 | D:4      | Killed Robin
  4828 | D:5      | Entered Level 5 of the Dungeon
  4835 | D:5      | Gained mutation: You are mostly covered in molten scales. (AC +3) [demonic ancestry]
  4835 | D:5      | Reached XP level 7. HP: 55/55 MP: 11/11
  4848 | D:5      | Noticed Ethylacetat's ghost (novice NaGl)
  4848 | D:5      | Banished Ethylacetat's ghost
  4848 | D:5      | Reached skill level 7 in Invocations
  4857 | D:5      | Found a staircase to the Ecumenical Temple.
  5103 | D:5      | Found a sparkling altar of Nemelex Xobeh.
  5377 | D:5      | Found a hide-covered altar of Uskayaw.
  5524 | D:6      | Reached skill level 5 in Fighting
  5542 | D:6      | Reached skill level 8 in Invocations
  5542 | D:6      | Gained mutation: You have very sharp fingernails. [demonic ancestry]
  5542 | D:6      | Reached XP level 8. HP: 39/62 MP: 12/14
  5800 | D:5      | Reached **** piety under Lugonu
  5866 | D:6      | Found an ancient bone altar of Kikubaaqudgha.
  6326 | D:6      | Found Vallass's Antique Weapon Shoppe.
  6371 | D:6      | Reached skill level 9 in Invocations
  6925 | D:7      | Reached skill level 1 in Shields
  7452 | D:7      | Reached skill level 5 in Armour
  7452 | D:7      | Reached XP level 9. HP: 60/69 MP: 16/16
  7821 | D:7      | Reached skill level 10 in Invocations
  8170 | D:7      | Reached skill level 5 in Dodging
  8420 | D:7      | Got a crystal mace
  8421 | D:7      | Identified the +4 mace "Hellblazer" {crush, *Noise Dex+8 Stlth+} (You found it on level 7 of the Dungeon)
  8426 | D:7      | Found a runed door.
  8577 | D:7      | Noticed Crazy Yiuf
  8585 | D:7      | Killed Crazy Yiuf
  8819 | D:8      | Noticed a deep elf mage
  8832 | D:8      | Noticed a sun demon
  9001 | D:8      | Noticed Pikel
  9012 | D:8      | Killed Pikel
  9050 | D:8      | Killed a deep elf mage
  9050 | D:8      | Reached skill level 11 in Invocations
  9263 | D:8      | Noticed Maurice
  9313 | D:8      | Banished Maurice
  9313 | D:8      | Reached XP level 10. HP: 77/77 MP: 18/18
  9756 | D:9      | Reached skill level 5 in Shields
 10020 | D:9      | Found a shadowy altar of Dithmenos.
 10033 | D:9      | Got a shimmering scale mail
 10044 | D:9      | Identified the +2 scale mail "Cinacsueph" {rC+ Dex+4} (You found it on level 9 of the Dungeon)
 10307 | D:9      | Found a staircase to the Orcish Mines.
 10497 | D:10     | Entered Level 10 of the Dungeon
 10497 | D:10     | Noticed Nergalle
 10513 | D:10     | Noticed Mahadev's ghost (journeyman DsFE)
 10520 | D:10     | Killed Nergalle
 10520 | D:10     | Reached skill level 12 in Invocations
 10537 | D:10     | Killed Mahadev's ghost
 10632 | D:10     | Found a basalt altar of Yredelemnul.
 10757 | D:10     | Reached ***** piety under Lugonu
 10833 | D:10     | Reached XP level 11. HP: 84/84 MP: 20/20
 11519 | D:10     | Reached skill level 13 in Invocations
 11688 | D:10     | Noticed Urug
 11939 | D:10     | Banished Urug
 12335 | D:10     | Found a staircase to the Lair.
 12349 | D:10     | Banished an unseen horror
 12469 | D:10     | Noticed a tengu warrior
 12478 | D:10     | Banished a tengu warrior
 12806 | D:10     | Got a faintly glowing falchion
 12807 | D:10     | Identified the +9 falchion of Ifuliuv {slice, +Fly rN+ MR+ Int-2} (You found it on level 10 of the Dungeon)
 13287 | D:11     | Noticed a two-headed ogre
 13288 | D:11     | Banished a two-headed ogre
 13779 | D:11     | Banished an unseen horror
 14022 | D:11     | Killed an unseen horror
 14533 | D:12     | Reached skill level 14 in Invocations
 14690 | D:12     | Killed an unseen horror
 14690 | D:12     | Gained mutation: You are completely covered in sharp spines. [demonic ancestry]
 14690 | D:12     | Reached XP level 12. HP: 88/94 MP: 22/22
 14724 | D:12     | Noticed Kirke
 14756 | D:12     | Killed Kirke
 15461 | D:13     | Noticed a four-headed hydra
 15473 | D:13     | Killed a four-headed hydra
 15963 | D:13     | Noticed a catoblepas
 15989 | D:13     | Banished a catoblepas
 16196 | D:13     | Found Ughij's Antique Weapon Boutique.
 16206 | D:13     | Bought a demon whip for 495 gold pieces
 16507 | D:13     | Reached skill level 15 in Invocations
 17361 | D:13     | Gained mutation: When hurt, damage is shared between your health and your magic reserves. [demonic ancestry]
 17361 | D:13     | Reached XP level 13. HP: 89/101 MP: 24/24
 17425 | D:13     | Found a gate to the Vaults.
 18022 | D:14     | You fall through a shaft!
 18022 | D:15     | Entered Level 15 of the Dungeon
 18029 | D:15     | Cast into level 2 of the Abyss (a wizard)
 18032 | Abyss:2  | Found a corrupted altar of Lugonu.
 18042 | Abyss:2  | Noticed a tentacled starspawn
 18043 | D:15     | Escaped the Abyss
 18061 | D:15     | Reached skill level 10 in Shields
 18808 | D:14     | Reached skill level 16 in Invocations
 18837 | D:14     | Slain by a cyan ugly thing

Skill      XL: |  1  2  3  4  5  6  7  8  9 10 11 12 13 |
---------------+----------------------------------------+-----
Dodging        | 1 2 3 4 5 6 7 8 |  8.5
Invocations    | 3 4 5 6 8 9 11 12 14 15 16 | 16.0
Armour         | 2 3 4 5 6 7 8 |  8.7
Fighting       | 4 5 6 7 8 9 |  9.8
Shields        | 2 4 6 8 9 10 | 10.2
Short Blades   | |  1.7

Action                   |  1- 3 |  4- 6 |  7- 9 | 10-12 | 13-15 || total
-------------------------+-------+-------+-------+-------+-------++-------
Melee: Short sword       |   118 |    28 |       |       |       ||   146
       Long sword        |       |   119 |   116 |       |       ||   235
       Trident           |       |       |   120 |       |       ||   120
       Mace              |       |       |    36 |   326 |       ||   362
       Falchion          |       |       |       |   333 |   154 ||   487
Invok: Depart the Abyss  |     1 |       |       |       |     1 ||     2
       Banish            |       |       |     1 |    13 |     5 ||    19
  Use: Scroll            |       |     2 |     2 |    16 |     4 ||    24
 Stab: Sleeping          |     1 |       |       |     4 |       ||     5
       Petrified         |       |       |       |     2 |       ||     2
       Distracted        |       |       |       |       |     1 ||     1
  Eat: Chunk             |     4 |     9 |    14 |    25 |     2 ||    54
       Ration            |       |       |       |     2 |     1 ||     3
Armor: Leather armour    |    18 |    36 |       |       |       ||    54
       Scale mail        |       |    29 |   127 |   288 |    50 ||   494
Dodge: Dodged            |    67 |    99 |   132 |   352 |    65 ||   715
Block: Buckler           |       |       |    37 |   157 |       ||   194
       Shield            |       |       |       |   167 |    88 ||   255
       Rpst.: Long sword |       |    17 |    17 |       |       ||    34
       Falchion          |       |       |       |    49 |    13 ||    62
